 Dungeon Crawl Stone Soup version 0.31-a0-986-g5e6e4ef867 (webtiles) character file.

Game seed: 7586958063619050082

5049 Whiskey the Fighter (level 10, -4/75 HPs)
             Began as an Octopode Shapeshifter on Nov 12, 2023.
             Was an Initiate of Gozag.
             Slain by a boulder beetle (21 damage)
             ... on level 8 of the Dungeon.
             The game lasted 00:21:49 (6992 turns).

Whiskey the Fighter (Octopode Shapeshifter)         Turns: 6992, Time: 00:21:50

Health: -4/75      AC:  5    Str: 14    XL:     10   Next: 56%
Magic:  10/10      EV: 16    Int: 14    God:    Gozag
Gold:   714        SH:  5    Dex: 16    Spells: 9/9 levels left

rFire   + . .        o - +9 short sword "Inlyanod" {drain, rPois Str-2 Dex+4 SInv}
rCold   . . .        (no shield)
rNeg    . . .        (helmet currently unavailable)
rPois   +            l - amulet of reflection
rElec   .            g - +4 ring of protection
rCorr   .            u - ring of protection from fire {rF+, !d}
SInv    +            (no ring)
Will    .....        (no ring)
Stlth   ++++         (no ring)
HPRegen 0.32/turn    (no ring)
MPRegen 0.12/turn    (no ring)
                     (no ring)

%: reflection
@: about to teleport, beast-form
A: beast (slay +4), almost no armour, amphibious, 8 rings, camouflage 1,
gelatinous body 1, (nimble swimmer 1), tentacles
a: Begin Untransformation, Renounce Religion, Potion Petition, Call Merchant,
Bribe Branch


You were on level 8 of the Dungeon.
You worshipped Gozag.
Gozag was pleased with you.
You were a hulking beast.
You visited 2 branches of the dungeon, and saw 9 of its levels.
You also visited: Ossuary.

You collected 793 gold pieces.
You paid 79 gold pieces to Gozag.

Inventory:

Hand Weapons
 c - a +2 vampiric short sword {!w}
   (You took it off Maurice on level 8 of the Dungeon)
 i - a +4 trident of draining
   (You took it off Jeremiah on level 7 of the Dungeon)
 o - the +9 short sword "Inlyanod" (weapon) {drain, rPois Str-2 Dex+4 SInv}
   (You found it on level 4 of the Dungeon)

   Str-2:     It affects your strength (-2).
   Dex+4:     It affects your dexterity (+4).
   rPois:     It protects you from poison SInv: It lets you see invisible.
Missiles
 e - 21 poisoned darts (quivered)
 G - a throwing net {=f, !d}
Jewellery
 g - a +4 ring of protection (left tentacle)
   (You found it on level 1 of the Dungeon)
 l - an amulet of reflection (around mantle)
   (You found it on level 2 of the Dungeon)
 u - a ring of protection from fire (right tentacle) {rF+, !d}
   (You found it on level 5 of the Dungeon)
Talismans
 b - a beast talisman
 x - a flux talisman
Wands
 p - a wand of roots (14)
   (You took it off Ijyb on level 4 of the Dungeon)
 q - a wand of digging (4)
   (You found it on level 4 of the Dungeon)
 A - a wand of flame (14)
   (You found it on level 8 of the Dungeon)
Scrolls
 d - 11 scrolls of identify
 h - a scroll of brand weapon {unknown}
 j - 3 scrolls of teleportation
 k - 4 scrolls of fog
 t - 2 scrolls of amnesia {unknown}
 v - 2 scrolls of enchant weapon {unknown}
 w - 2 scrolls of immolation {unknown}
 y - a scroll of noise {unknown}
 C - a scroll of summoning {unknown}
 D - 2 scrolls of vulnerability {unknown}
 E - a scroll of revelation {unknown}
Potions
 a - 2 potions of lignification {!q}
 f - 2 potions of curing {unknown}
 m - 2 potions of haste {unknown}
 n - 2 potions of attraction {unknown}
 r - a potion of degeneration {unknown}
 s - 4 potions of mutation {unknown}
 z - a potion of brilliance {unknown}
 B - 2 potions of heal wounds {unknown}
 F - a potion of might {unknown}
Miscellaneous
 H - a box of beasts
   (You found it on level 8 of the Dungeon)


   Skills:
 + Level 9.7 Fighting
 - Level 1.0 Short Blades
 - Level 6.0 Dodging
 - Level 5.0 Stealth
 - Level 3.0 Unarmed Combat
 * Level 9.5 Shapeshifting


You had 9 spell levels left.
You didn't know any spells.
Your spell library contained the following spells:

 Spells                   Type           Power      Damage    Failure   Level
 Kiss of Death            Conj/Necr      0%         2d5       28%         1
 Sublimation of Blood     Necr           0%         N/A       41%         2
 Wereblood                Tmut           0%         N/A       41%         2
 Confusing Touch          Hex            0%         N/A       65%         3
 Inner Flame              Hex/Fire       0%         N/A       65%         3
 Dispel Undead            Necr           0%         3d6       96%         4
 Flame Wave               Conj/Fire      0%         2d4       96%         4
 Sticky Flame             Conj/Fire      0%         2d3       96%         4
 Summon Hydra             Summ           0%         N/A       100%        7


Dungeon Overview and Level Annotations

Branches:
Dungeon (8/15)             Temple (1/1) D:7         Ossuary (visited)
   Lair: D:8-11

Altars:
Ashenzari
Cheibriados
Dithmenos
Elyvilon
Fedhas
Gozag
Kikubaaqudgha
Makhleb
Nemelex Xobeh
Okawaru
Qazlal
Trog
Uskayaw
Vehumet
Wu Jian
Xom
Yredelemnul
Zin
The Shining One

Shops:
D:2 (

Annotations:
D:3 1 runed translucent door, p00ps00p's ghost, amateur HOFi


Innate Abilities, Weirdness & Mutations

You are a hulking beast.
Your limbs bulge with bestial killing power. (Slay +4)
You cannot wear most types of armour.
You are amphibious.
You can wear up to eight rings at the same time.
Your skin changes colour to match your surroundings (Stealth+).
Your rubbery body absorbs attacks. (AC +1, EV +1)
((You are camouflaged when in or above water. (Stealth+)))
You have tentacles for arms and can constrict up to eight enemies at once.


Message History

Things that are here:
a +1 falchion; a +0 robe
Things that are here:
a +5 mace; a +0 robe A wight comes into view.
It is wielding a +3 halberd.
You block the wight's attack. The wight barely misses you.
You hit the wight. You grab the wight. You squeeze the wight!
You constrict the wight, but do no damage.
The wight hits you with a +3 halberd.
You take 5 damage, and have 69/74 hp.
You hit the wight.
You destroy the wight!
No target in view!
No target in view!
You now have 687 gold pieces (gained 8).
Things that are here:
a +3 halberd; a +0 robe Health restored: 75
Things that are here:
a +0 war axe; a +0 robe
Things that are here:
a +1 falchion; a +0 robe You now have 705 gold pieces (gained 18).
A bullfrog comes into view.
The helpless bullfrog fails to defend itself.
You impale the bullfrog!! You grab the bullfrog.
You tentacle-slap the bullfrog.
You kill the bullfrog!
No target in view!
No target in view!
No target in view!
No target in view!
No target in view!
No target in view!
No target in view!
No target in view!
No target in view!
No target in view!
You now have 710 gold pieces (gained 5).
You enter the deep water.
An orc priest comes into view. It is wielding a +0 flail.
The orc priest shouts!
You hear a shout!
You hear a horrible gurgling sound!
You hear an angry growl.
The orc priest hits you with a +0 flail.
You take 6 damage, and have 69/75 hp.
You hit the orc priest. You drain the orc priest. You grab the orc priest.
You squeeze the orc priest.
You kill the orc priest!
No target in view!
No target in view!
No target in view!
No target in view!
No target in view!
No target in view!
No target in view!
No target in view!
No target in view!
A boulder beetle comes into view.
Health restored: 75
Things that are here:
4 gold pieces; a +0 flail You now have 714 gold pieces (gained 4).
A sky beast comes into view.
G - a throwing net {=f, !d}
H - a box of beasts A komodo dragon comes into view.
You completely miss the boulder beetle.
The komodo dragon hisses angrily.
The boulder beetle bites you!
You take 9 damage, and have 66/75 hp.
A black bear comes into view.
The boulder beetle bites you!!
You hear a shout!
You take 18 damage, and have 48/75 hp.
MASSIVE DAMAGE!!
A tengu warrior comes into view. It is wielding a +2 long sword.
The boulder beetle misses you.
A jelly comes into view.
The boulder beetle barely misses you.
The boulder beetle bites you but does no damage.
The boulder beetle curls into a ball and begins rolling!
The boulder beetle hits you!!
* * * LOW HITPOINT WARNING * * *
The boulder beetle stops rolling and uncurls.
You take 31 damage, and have 20/75 hp.
MASSIVE DAMAGE!!
The boulder beetle attacks as it pursues you!
The boulder beetle bites you.
* * * LOW HITPOINT WARNING * * *
You take 5 damage, and have 16/75 hp.
As you read the scroll labelled UVAJATA GIWYRA, it crumbles to dust.
It is a scroll of identify.
k - 4 scrolls of fog The boulder beetle misses you.
As you read the scroll labelled RUZXUUGO DUESU, it crumbles to dust.
You feel strangely unstable.
It was a scroll of teleportation.
The boulder beetle completely misses you.
The boulder beetle attacks as it pursues you!
The boulder beetle bites you!!
You die...
Your body crumbles into a pile of gold.

........##.........####≈.≈#
........##.............≈≈≈#
........##..........##...##
........##..........######
........##..........#
........##.........####
......................#
......................#
................h.....#
.................B....###
.#....##.#########.##...#
.#....#......#....Q.###.#
....###.####.#Q####.###.#
..>.#... ... #○...#...#.#
......## #.###○#.###...#
....#.# #....Y#...#.#.#
....# # ###.#####.#.#.#


You could see a boulder beetle and a tengu warrior.

Vanquished Creatures
  Maurice (D:8)
  Maggie (D:8)
  Jeremiah (D:7)
  A troll (D:6)
  Grinder (D:3)
  Prince Ribbit (D:6)
  Sigmund (D:2)
  A wyvern (D:8)
  2 steam dragons
  Menkaure (D:4)
  2 ice beasts
  3 black bears
  2 ogres
  2 phantoms (D:7)
  2 elf zombies (Ossuary)
  3 bullfrogs
  2 gnoll sergeants
  4 scorpions
  4 wights (D:8)
  3 howler monkeys
  A human zombie (Ossuary)
  2 jellies
  A centaur zombie (Ossuary)
  6 orc priests
  3 hounds
  3 sleepcaps
  Ijyb (D:4)
  5 iguanas (D:5)
  2 orc wizards
  2 mummies (Ossuary)
  Robin (D:2)
  17 gnolls
  5 adders
  A shadow imp (D:7)
  2 white imps
  6 ufetubi
  3 adder zombies (Ossuary)
  3 worms (D:2)
  2 dart slugs (D:1)
  19 orcs
  6 endoplasms
  A giant cockroach (D:2)
  2 hobgoblins (D:2)
  4 jackals (D:5)
  16 kobolds
  2 quokkas
  5 ball pythons
  5 bats
  5 frilled lizards
  15 goblins
  A goblin zombie (Ossuary)
  12 hobgoblin zombies (Ossuary)
  7 kobold zombies (Ossuary)
  7 orc zombies (Ossuary)
  5 rats
  2 rat zombies (Ossuary)
218 creatures vanquished.

Vanquished Creatures (others)
  A kobold brigand (D:7)
  A jelly (D:6)
2 creatures vanquished.

Grand Total: 220 creatures vanquished

Notes
Turn   | Place    | Note
-------+----------+-------------------------------------------
     0 | D:1      | Whiskey the Octopode Shapeshifter began the quest for the
                  | Orb.
     0 | D:1      | Reached XP level 1. HP: 13/13 MP: 1/1
   102 | D:1      | Reached XP level 2. HP: 17/18 MP: 2/2
   271 | D:1      | Found a faded altar of an unknown god.
   752 | D:2      | Noticed Sigmund
   757 | D:2      | Killed Sigmund
   758 | D:2      | Reached skill level 5 in Shapeshifting
   758 | D:2      | Reached XP level 3. HP: 14/23 MP: 3/3
   758 | D:2      | Reached XP level 4. HP: 17/28 MP: 4/4
   758 | D:2      | Reached XP level 5. HP: 21/33 MP: 5/5
   899 | D:2      | Noticed Robin
  1036 | D:2      | Killed Robin
  1271 | D:2      | Reached skill level 6 in Shapeshifting
  1271 | D:2      | Reached XP level 6. HP: 28/38 MP: 6/6
  1443 | D:2      | Found Ruaw's Weapon Shoppe.
  1747 | D:3      | Found a broken altar of Ashenzari.
  1766 | D:3      | Noticed Grinder
  1809 | D:3      | Killed Grinder
  1810 | D:3      | Reached skill level 3 in Fighting
  1810 | D:3      | Reached XP level 7. HP: 23/46 MP: 7/7
  1958 | D:3      | Found an ancient bone altar of Kikubaaqudgha.
  1959 | D:3      | Found an iron altar of Okawaru.
  1965 | D:3      | Found a hide-covered altar of Uskayaw.
  2036 | D:3      | Reached skill level 1 in Stealth
  2284 | D:3      | Found a runed translucent door.
  2292 | D:3      | Noticed p00ps00p's ghost (amateur HOFi)
  2519 | D:4      | Reached skill level 2 in Stealth
  2540 | D:4      | Noticed Ijyb
  2541 | D:4      | Identified the +9 short sword "Inlyanod" {drain, rPois
                  | Str-2 Dex+4 SInv}
  2553 | D:4      | Killed Ijyb
  2639 | D:4      | Found a basalt altar of Yredelemnul.
  2686 | D:4      | Found a blossoming altar of Fedhas.
  2689 | D:4      | Reached skill level 4 in Fighting
  2689 | D:4      | Reached skill level 1 in Short Blades
  2689 | D:4      | Reached skill level 3 in Stealth
  2689 | D:4      | Reached skill level 7 in Shapeshifting
  2763 | D:4      | Noticed Menkaure
  2771 | D:4      | Killed Menkaure
  2772 | D:4      | Reached XP level 8. HP: 38/54 MP: 8/8
  2839 | D:4      | Reached skill level 5 in Fighting
  2944 | D:5      | Entered Level 5 of the Dungeon
  3536 | D:5      | Reached skill level 6 in Fighting
  4013 | D:6      | Reached skill level 7 in Fighting
  4194 | D:6      | Reached skill level 4 in Stealth
  4197 | D:6      | Reached skill level 3 in Dodging
  4197 | D:6      | Reached XP level 9. HP: 48/64 MP: 9/9
  4268 | D:6      | Noticed Prince Ribbit
  4270 | D:6      | Noticed a troll
  4275 | D:6      | Killed Prince Ribbit
  4276 | D:6      | Reached skill level 5 in Stealth
  4278 | D:6      | Killed a troll
  4443 | D:6      | Reached skill level 4 in Dodging
  4659 | D:6      | Reached skill level 8 in Fighting
  4915 | D:7      | Reached skill level 8 in Shapeshifting
  5090 | D:7      | Noticed Jeremiah
  5323 | D:7      | Killed Jeremiah
  5324 | D:7      | Reached skill level 5 in Dodging
  5573 | D:7      | Reached XP level 10. HP: 71/71 MP: 10/10
  5644 | D:7      | Found a burning altar of Makhleb.
  5743 | D:7      | Found a staircase to the Ecumenical Temple.
  5752 | Temple   | Entered the Ecumenical Temple
  5767 | Temple   | Became a worshipper of Gozag Ym Sagoz the Greedy
  5906 | D:8      | Noticed Maurice
  5910 | D:8      | Maurice stole 205 gold
  5913 | D:8      | Maurice stole a flux talisman
  5915 | D:8      | Killed Maurice
  5916 | D:8      | Reached skill level 9 in Fighting
  5923 | D:8      | Noticed Maggie
  5934 | D:8      | Killed Maggie
  5935 | D:8      | Reached skill level 6 in Dodging
  6039 | D:8      | Found a radiant altar of Vehumet.
  6100 | D:8      | Reached skill level 9 in Shapeshifting
  6190 | D:8      | Found a sand-covered staircase.
  6232 | Ossuary  | Entered an ossuary
  6958 | D:8      | Noticed a boulder beetle
  6979 | D:8      | Noticed a tengu warrior
  6989 | D:8      | HP: 16/75 [boulder beetle (5)]
  6992 | D:8      | Slain by a boulder beetle

Illustrated notes

Levels and vault maps discovered:
D:1:      roadster_arrival_rocket_small, layout_loops_ring,
          chequers_ecumenical_altar_island, nicolae_titane
D:2:      layout_basic, serial_shops, nicolae_shop_gibbet_a_chance,
          kennysheep_generic_room_11, uniq_sigmund, uniq_robin
D:3:      layout_loops_cross, nicolae_ashenzari_skybound,
          gammafunk_temple_overflow_forgotten, gammafunk_ghost_grave,
          glass_columns_a, minmay_diced_spiral, uniq_grinder
D:4:      layout_rooms, mainiacjoe_overflow_small_starburst,
          mainiacjoe_overflow_24_doors, serial_park_tiny_2, uniq_menkaure,
          uniq_ijyb
D:5:      layout_loops_ring, corexii_corridor_pit
D:6:      layout_basic, uniq_prince_ribbit1
D:7:      layout_cave_pools, overflow_temple_1_default, temple_hall,
          uniq_jeremiah
D:8:      layout_basic, lemuel_coloured_pillars_altar,
          nicolae_ossuary_entry_plus, chequers_serial_rivers_micro_d,
          minmay_misc_feat_secret_circle, nicolae_doodle_vault, uniq_maurice,
          uniq_maggie
Temple:   jpeg_temple_clearing

Skill      XL: |  1  2  3  4  5  6  7  8  9 10 |
---------------+-------------------------------+-----
Shapeshifting  | 5 6 7 8 9 |  9.5
Fighting       | 3 4 7 8 9 |  9.7
Stealth        | 3 4 5 |  5.0
Short Blades   | 1 |  1.0
Dodging        | 3 5 6 |  6.0
Unarmed Combat | |  3.0

Action                     |  1- 3 |  4- 6 |  7- 9 | 10-12 || total
---------------------------+-------+-------+-------+-------++-------
  Melee: Unarmed           |    31 |    39 |       |       ||    70
         Tentacles         |     7 |    12 |    41 |    40 ||   100
         Constrict         |     5 |    18 |    44 |    38 ||   105
         Dagger            |       |    24 |    26 |       ||    50
         Punch             |       |     1 |     8 |    10 ||    19
         Short sword       |       |       |   161 |   134 ||   295
  Evoke: Wand              |       |       |     2 |     1 ||     3
    Use: Scroll            |       |       |       |     2 ||     2
   Stab: Sleeping          |     6 |     6 |    10 |     5 ||    27
 Armour: Skin              |    10 |    32 |    80 |    52 ||   174
  Dodge: Dodged            |    13 |    39 |    91 |    77 ||   220
  Block: Other             |       |     2 |    37 |    26 ||    65
         Reflection        |       |       |     1 |       ||     1

Table legend: (Time is in decaauts)
 A = Elapsed time spent in this place.
 B = Non-inter-level travel time spent in this place.
 C = Inter-level travel time spent in this place.
 D = Time resting spent in this place.
 E = Time spent auto-exploring this place.
 F = Levels seen in this place.
 G = Mean time per level.
                   A        B        C        D        E       F      G
               +--------+--------+--------+--------+--------+-----+--------+
         Total |   6975 |   6822 |    153 |    798 |   4558 |  10 |  697.5 |
       Dungeon |   6640 |   6501 |    139 |    796 |   4382 |   8 |  830.0 |
        Temple |     30 |     16 |     14 |      0 |      0 |   1 |   30.0 |
       Ossuary |    304 |    304 |      0 |      2 |    176 |   1 |  304.0 |
               +--------+--------+--------+--------+--------+-----+--------+

Top non-repeatable levels by time:
     D:6: 1294 daAuts
     D:2: 880 daAuts
     D:8: 852 daAuts
     D:1: 842 daAuts
     D:5: 809 daAuts
     D:3: 763 daAuts
     D:7: 743 daAuts
     D:4: 455 daAuts
 Ossuary: 304 daAuts
  Temple: 30 daAuts

Levels and vault maps discovered:
D:1:      roadster_arrival_rocket_small, layout_loops_ring,
          chequers_ecumenical_altar_island, nicolae_titane
D:2:      layout_basic, serial_shops, nicolae_shop_gibbet_a_chance,
          kennysheep_generic_room_11, uniq_sigmund, uniq_robin
D:3:      layout_loops_cross, nicolae_ashenzari_skybound,
          gammafunk_temple_overflow_forgotten, gammafunk_ghost_grave,
          glass_columns_a, minmay_diced_spiral, uniq_grinder
D:4:      layout_rooms, mainiacjoe_overflow_small_starburst,
          mainiacjoe_overflow_24_doors, serial_park_tiny_2, uniq_menkaure,
          uniq_ijyb
D:5:      layout_loops_ring, corexii_corridor_pit
D:6:      layout_basic, uniq_prince_ribbit1
D:7:      layout_cave_pools, overflow_temple_1_default, temple_hall,
          uniq_jeremiah
D:8:      layout_basic, lemuel_coloured_pillars_altar,
          nicolae_ossuary_entry_plus, chequers_serial_rivers_micro_d,
          minmay_misc_feat_secret_circle, nicolae_doodle_vault, uniq_maurice,
          uniq_maggie
Temple:   jpeg_temple_clearing

Table legend: (Time is in decaauts)
 A = Elapsed time spent in this place.
 B = Non-inter-level travel time spent in this place.
 C = Inter-level travel time spent in this place.
 D = Time resting spent in this place.
 E = Time spent auto-exploring this place.
 F = Levels seen in this place.
 G = Mean time per level.
                   A        B        C        D        E       F      G
               +--------+--------+--------+--------+--------+-----+--------+
         Total |   6975 |   6822 |    153 |    798 |   4558 |  10 |  697.5 |
       Dungeon |   6640 |   6501 |    139 |    796 |   4382 |   8 |  830.0 |
        Temple |     30 |     16 |     14 |      0 |      0 |   1 |   30.0 |
       Ossuary |    304 |    304 |      0 |      2 |    176 |   1 |  304.0 |
               +--------+--------+--------+--------+--------+-----+--------+

Top non-repeatable levels by time:
     D:6: 1294 daAuts
     D:2: 880 daAuts
     D:8: 852 daAuts
     D:1: 842 daAuts
     D:5: 809 daAuts
     D:3: 763 daAuts
     D:7: 743 daAuts
     D:4: 455 daAuts
 Ossuary: 304 daAuts
  Temple: 30 daAuts

Table legend:
 A = Kills in this place as a percentage of kills in the entire game.
 B = Kills by you in this place as a percentage of kills by you in the entire game.
 C = Kills by friends in this place as a percentage of kills by friends in the entire game.
 D = Other kills in this place as a percentage of other kills in the entire game.
 E = Experience gained in this place as a percentage of experience gained in the entire game.
 F = Experience gained in this place divided by the number of levels of this place that you have seen.
                   A       B       C       D       E      F
               +-------+-------+-------+-------+-------+----------------------
         Total | 100.0 | 100.0 |   N/A | 100.0 | 100.0 | 721.3
       Dungeon |  82.6 |  82.6 |   N/A | 100.0 |  95.0 | 856.5
       Ossuary |  17.4 |  17.4 |   N/A |   0.0 |   5.0 | 361.0
               +-------+-------+-------+-------+-------+----------------------
